Map: Thunderbird LE

Players

Mez

  • Race: Terran Terran
  • League: Master
  • Spawn Location: 5:00

Steelghost - Winner!

  • Race: Protoss Protoss
  • League: Diamond
  • Spawn Location: 11:00

VOD

Have the link to the VOD?

Description

Time

  • Played on: Aug. 29, 2019, 12:09 a.m.
  • Length: 11:57
Show
View Real Time Build Order
Export as new Build Order

Mez Terran 

Build Orders: Reaper Expand 

Get SALT Encoding   

  12  0:00  SCV  
  13  0:13  SCV  
  14  0:16  Supply Depot  
  14  0:25  SCV  
  15  0:38  SCV  
  15  0:40  Barracks  
  16  0:46  Refinery  
  16  0:50  SCV  
  17  1:02  SCV  
  18  1:14  SCV  
  19  1:28  Orbital Command  
  19  1:30  Reaper  
  20  1:40  Command Center  
  20  1:47  Bunker  
  20  1:53  Supply Depot  
  20  1:58  SCV  
  21  2:02  Marine  
  22  2:10  SCV  
  23  2:21  Barracks Reactor  
  23  2:33  Command Center  
  23  2:38  SCV  
  24  2:45  Refinery  
  24  2:48  Factory  
  24  2:50  SCV  
  25  2:54  Orbital Command  
  25  3:01  Marine x2  
  25  3:04  SCV  
  28  3:07  Refinery  
  28  3:16  SCV  
  28  3:19  Marine x2  
  31  3:27  SCV  
  31  3:32  SCV  
  33  3:35  Widow Mine  
  33  3:37  Starport  
  33  3:39  Marine x2, SCV  
  38  3:46  Orbital Command  
  38  3:47  SCV  
  39  3:54  SCV  
  39  3:55  Refinery  
  40  3:58  Widow Mine  
  40  3:59  SCV  
  43  4:06  SCV  
  44  4:10  Marine  
  44  4:11  SCV, Marine  
  44  4:12  SCV  
  44  4:14  Starport Tech Lab  
  48  4:18  SCV  
  48  4:20  Supply Depot  
  49  4:25  Factory Tech Lab  
  49  4:30  SCV x2  
  51  4:32  Raven, Factory Tech Lab  
  51  4:35  Barracks  
  53  4:40  SCV  
  53  4:41  Barracks  
  53  4:42  SCV  
  53  4:45  Supply Depot, Orbital Command, Refinery  
  55  4:46  Marine x2  
  55  4:52  Siege Tank  
  60  4:53  SCV  
  60  4:58  SCV  
  62  5:04  Engineering Bay  
  62  5:05  SCV  
  62  5:06  Engineering Bay  
  62  5:07  Marine x2  
  62  5:10  SCV  
  65  5:14  Supply Depot  
  65  5:18  SCV  
  66  5:22  SCV x2  
  68  5:29  Starport Reactor  
  68  5:33  Terran Infantry Armor Level 1, Terran Infantry Weapons Level 1  
  68  5:35  Factory Reactor  
  68  5:40  Barracks  
  68  5:43  Barracks, SCV x2  
  68  5:48  SCV  
  70  5:50  Marine  
  70  5:51  Marauder x2, Marine  
  70  5:52  Stimpack  
  70  5:53  Combat Shield  
  70  5:55  SCV  
  77  5:58  SCV  
  77  6:00  SCV  
  79  6:06  Supply Depot  
  79  6:07  Supply Depot, SCV  
  79  6:10  SCV  
  79  6:11  Refinery, Marine x2  
  83  6:12  Marauder  
  85  6:23  Marauder, Medivac x2, SCV  
  92  6:26  SCV  
  92  6:27  SCV  
  92  6:28  Barracks Reactor  
  92  6:30  Barracks Tech Lab  
  92  6:31  Widow Mine  
  92  6:32  Widow Mine  
  98  6:35  SCV  
  98  6:38  SCV  
  98  6:39  Marauder, Marine x2  
  104  6:40  Refinery  
  104  6:45  SCV  
  104  6:46  Marauder, Armory  
  107  6:47  SCV  
  107  6:50  SCV  
  109  7:05  Supply Depot  
  109  7:06  Supply Depot  
  109  7:07  Supply Depot  
  109  7:08  Supply Depot  
  109  7:14  Medivac x2, SCV x2  
  109  7:15  Marauder  
  117  7:16  Command Center  
  117  7:23  Ghost Academy  
  121  7:31  Supply Depot  
  121  7:32  Supply Depot  
  121  7:33  Marauder x2  
  121  7:34  Supply Depot  
  121  7:35  Supply Depot  
  121  7:36  Marauder  
  123  7:44  Starport  
  123  7:53  Marine x3  
  123  7:54  Marauder x2, Viking x2  
  134  8:07  Supply Depot  
  134  8:08  Marauder, Supply Depot  
  134  8:11  Terran Infantry Armor Level 2, Terran Infantry Weapons Level 2  
  136  8:15  Marauder, Marine  
  136  8:16  Marine x3  
  142  8:23  Concussive Shells  
  142  8:25  Viking x2  
  146  8:37  Sensor Tower  
  146  8:56  Marine x4  
  146  8:57  Ghost x3  
  146  8:58  Viking x3  
  146  8:59  Viking  
  164  9:04  Planetary Fortress  
  164  9:06  Missile Turret  
  164  9:14  Terran Ship Weapons Level 1  
  163  9:24  Barracks  
  163  9:25  Barracks  
  163  9:26  Barracks  
  163  9:28  Viking  
  163  9:29  Marine x3  
  163  9:30  Ghost x3, Marine  
  175  9:34  Viking  
  175  9:35  Viking  
  179  9:42  Missile Turret  
  179  9:46  Marine  
  179  9:47  Missile Turret  
  179  9:49  Missile Turret  
  179  9:50  Refinery, Missile Turret  
  179  9:51  Refinery, SCV x3  
  179  10:04  Sensor Tower  
  179  10:05  Viking x3  
  185  10:08  Viking  
  185  10:29  Marauder x2  
  185  10:34  Barracks Tech Lab x3, Marauder  
  191  10:50  Marauder x2  
  191  10:54  Marauder x2, Marine  
  185  11:32  Marauder, Marine  
  152  11:33  Marauder x4  
  152  11:38  Marine x2  
Show
View Real Time Build Order
Export as new Build Order

Steelghost Protoss - Winner!

Build Orders: 1 Gate Expand, Colossus Rush 

Get SALT Encoding   

  12  0:00  Probe  
  13  0:12  Probe  
  14  0:17  Pylon  
  14  0:23  Probe  
  15  0:31  Probe  
  16  0:39  Gateway, Probe  
  16  0:47  Assimilator  
  17  0:51  Probe  
  18  1:01  Probe  
  19  1:09  Probe  
  19  1:17  Probe  
  21  1:27  Nexus  
  21  1:37  Cybernetics Core  
  21  1:45  Pylon  
  21  1:48  Assimilator  
  21  1:52  Probe  
  22  2:03  Adept  
  22  2:04  Probe  
  23  2:14  Warp Gate  
  25  2:16  Probe  
  26  2:24  Gateway  
  26  2:28  Probe  
  27  2:33  Adept  
  29  2:37  Probe  
  29  2:40  Probe  
  31  2:45  Probe  
  31  2:50  Robotics Facility  
  32  2:52  Probe  
  32  2:55  Probe  
  34  3:01  Pylon  
  34  3:06  Sentry  
  34  3:09  Probe x2  
  40  3:13  Sentry  
  40  3:17  Probe  
  40  3:21  Probe  
  40  3:25  Probe  
  42  3:31  Assimilator  
  42  3:33  Probe  
  44  3:34  Pylon  
  44  3:36  Gateway, Probe  
  44  3:41  Probe  
  45  3:42  Observer  
  45  3:47  Gateway  
  47  3:48  Probe  
  47  3:49  Gateway, Probe  
  49  3:57  Assimilator  
  49  4:00  Probe x2  
  49  4:01  Pylon  
  51  4:04  Sentry  
  53  4:10  Observer  
  54  4:18  Probe  
  54  4:19  Pylon, Robotics Bay  
  54  4:20  Stalker  
  57  4:27  Stalker  
  59  4:31  Stalker  
  59  4:34  Phoenix, Probe  
  59  4:35  Probe  
  63  4:39  Pylon  
  63  4:42  Twilight Council  
  63  4:57  Zealot  
  63  4:58  Nexus  
  63  4:59  Colossus  
  65  5:04  Pylon  
  71  5:14  Stalker  
  71  5:16  Probe  
  71  5:19  Blink  
  74  5:22  Forge  
  74  5:32  Probe  
  74  5:35  Probe  
  74  5:39  Stalker  
  74  5:40  Probe, Stalker  
  80  5:43  Colossus  
  80  5:46  Pylon  
  80  5:48  Probe  
  82  5:52  Protoss Ground Weapons Level 1  
  88  6:00  Pylon  
  88  6:01  Pylon  
  88  6:07  Stalker  
  88  6:09  Probe  
  88  6:10  Zealot  
  92  6:13  Probe  
  92  6:16  Probe  
  92  6:17  Probe  
  96  6:26  Probe  
  96  6:28  Templar Archives  
  96  6:29  Gateway  
  96  6:31  Pylon  
  97  6:32  Sentry  
  97  6:35  Stalker  
  101  6:40  Colossus  
  101  6:41  Phoenix  
  101  6:42  Probe  
  101  6:45  Assimilator  
  101  6:49  Assimilator  
  101  6:50  Probe x2  
  109  6:54  Probe  
  109  6:56  Pylon  
  109  6:59  Stalker  
  109  7:00  Extended Thermal Lance, Stalker  
  114  7:04  Probe x2  
  116  7:11  Probe  
  116  7:15  Pylon  
  117  7:16  Probe  
  117  7:17  Pylon  
  117  7:19  Probe  
  117  7:20  Charge  
  119  7:23  Pylon  
  119  7:25  Pylon  
  119  7:28  Probe  
  120  7:32  Colossus, Forge  
  120  7:33  High Templar  
  120  7:34  Probe  
  128  7:53  Probe  
  128  7:55  Photon Cannon  
  129  7:59  Photon Cannon  
  129  8:03  Probe  
  130  8:10  Protoss Ground Weapons Level 2  
  130  8:12  Phoenix  
  130  8:14  Colossus  
  130  8:17  Nexus  
  130  8:21  Photon Cannon, Zealot x3  
  130  8:23  Protoss Ground Armor Level 1  
  130  8:24  High Templar  
  144  8:30  Pylon  
  144  8:35  Pylon  
  144  8:37  Gateway  
  144  8:40  Gateway  
  144  8:44  Psionic Storm  
  144  8:45  Probe  
  144  8:47  Zealot x2  
  149  8:55  Stalker x3  
  155  9:02  Stalker  
  157  9:07  Stargate  
  157  9:13  Stargate  
  157  9:14  Pylon  
  157  9:19  Colossus  
  153  9:39  Stalker  
  153  9:40  Stalker  
  153  9:45  High Templar  
  159  9:50  Pylon  
  159  9:57  Photon Cannon  
  155  10:02  Stalker x4  
  155  10:03  Stalker x2  
  155  10:06  Warp Prism  
  169  10:15  Fleet Beacon  
  167  10:38  Archon  
  167  10:40  Colossus, High Templar x3  
  167  10:42  Probe x3  
  176  10:45  Assimilator  
  176  10:48  Assimilator  
  176  10:53  Zealot x3  
  182  11:02  Warp Prism  
  184  11:10  Stalker x2  
  188  11:18  Stalker x3  
  170  11:34  Archon x2  
  164  11:42  Zealot x2  
  164  11:43  Zealot x5  
  176  11:49  Gateway  
  176  11:51  Gateway  
Tags
 
Add a new tag
Caveats
  • Supply blocks, unpowered buildings, or Contaminate may cause inaccurate times.
  • Supply counts are checked every 10 seconds.